 Dungeon Crawl Stone Soup version 0.30.1-8-g117510f58f (webtiles) character file.

Game seed: 1981387824395365255

341504 Peloso the Hoplite (level 21, -5/204 HPs)
             Began as a Minotaur Fighter on Sept 23, 2023.
             Was the Champion of Okawaru.
             Killed from afar by an ironbound thunderhulk (40 damage)
             ... with a bolt of lightning
             ... on level 1 of the Vaults.
             The game lasted 01:58:52 (45824 turns).

Peloso the Hoplite (Minotaur Fighter)              Turns: 45824, Time: 01:58:52

Health: -5/204     AC: 39    Str: 23 (27) XL:     21   Next: 9%
Magic:  21/21      EV: 11    Int:  1 (5)  God:    Okawaru [******]
Gold:   3566       SH: 30    Dex: 18      Spells: 20/20 levels left

rFire   + + .        a - +5 double sword (heavy)
rCold   + . .        d - +0 tower shield {rN+}
rNeg    + . .        F - +11 plate armour "Siachyo" {Will+}
rPois   +            (helmet restricted)
rElec   .            S - +0 cloak "Utixual" {rC+}
rCorr   .            u - +0 pair of gloves of the Dice {rF++}
SInv    .            R - +0 pair of boots of Okawaru's Supremacy {Str+3}
Will    +++++        r - amulet of reflection Stlth
                     L - ring "Wibeimn" {rPois Will+++}
HPRegen 0.54/turn    n - ring of flight
MPRegen 0.17/turn

%: reflection
@: flying
A: horns 2, retaliatory headbutt, iridescent scales 2, strong-willed 1
}: 2/15 runes: barnacled, gossamer
a: Renounce Religion, Heroism, Finesse, Duel


You were on level 1 of the Vaults.
You worshipped Okawaru.
Okawaru was exalted by your worship.
You visited 8 branches of the dungeon, and saw 35 of its levels.
You also visited: Ice Cave and Volcano.

You collected 5254 gold pieces.
You spent 1688 gold pieces at shops.

Inventory:

Hand Weapons
 a - a +5 heavy double sword (weapon)
 b - the +5 demon blade "Jan Yhyu" {flame, rF+ rCorr Int+5}
   (Okawaru gifted it to you on level 1 of the Lair of Beasts)

   Int:       It affects your intelligence (+5).
   rF:        It protects you from fire.
   rCorr:     It protects you from acid and corrosion.
 c - the +7 Throatcutter {drain, coup de grace}
   (You took it off Terence on level 2 of the Dungeon)
Missiles
 y - a throwing net (quivered)
Armour
 d - a +0 tower shield of positive energy (worn)
 u - the +0 pair of gloves of the Dice (worn) {rF++}
   (Okawaru gifted it to you on level 1 of the Shoals)

   rF:        It greatly protects you from fire.
 F - the +11 plate armour "Siachyo" (worn) {Will+}
   (Okawaru gifted it to you on level 14 of the Dungeon)

   Will:      It increases your willpower.
 R - the +0 pair of boots of Okawaru's Supremacy (worn) {Str+3}
   (Okawaru gifted it to you on level 2 of the Lair of Beasts)

   Str:       It affects your strength (+3).
 S - the +0 cloak "Utixual" (worn) {rC+}
   (Okawaru gifted it to you in a volcano)

   rC:        It protects you from cold.
Jewellery
 j - a ring of ice
 k - a +6 ring of strength
 l - a +4 ring of slaying
 n - a ring of flight (right hand)
 r - an amulet of reflection (around neck)
 z - a ring of wizardry
 B - a ring of see invisible
 L - the ring "Wibeimn" (left hand) {rPois Will+++}
   (You took it off a deep elf pyromancer on level 3 of the Elven Halls)

   [ring of poison resistance]

   rPois:     It protects you from poison.
   Will:      It greatly increases your willpower.
 M - a +6 ring of dexterity
 P - a ring of resist corrosion
 V - the ring "Fifel" {rC+ rN+}
   (You found it on level 3 of the Elven Halls)

   [ring of protection from cold]

   rC:        It protects you from cold.
   rN:        It protects you from negative energy.
 X - an amulet of regeneration
Wands
 w - a wand of polymorph (4)
Scrolls
 h - 3 scrolls of immolation
 o - 5 scrolls of fear
 t - 6 scrolls of poison
 v - 5 scrolls of blinking
 x - 13 scrolls of teleportation
 C - a scroll of amnesia
 H - a scroll of acquirement
 N - 5 scrolls of magic mapping
 Y - 14 scrolls of identify
Potions
 e - 8 potions of lignification
 f - 5 potions of haste
 g - 7 potions of might
 i - 11 potions of curing
 m - a potion of brilliance
 q - 6 potions of berserk rage
 s - 4 potions of resistance
 K - a potion of flight
Miscellaneous
 p - a phantom mirror


   Skills:
 + Level 21.3 Fighting
 + Level 21.3 Long Blades
 + Level 19.0 Armour
 + Level 6.7 Dodging
 + Level 3.2 Stealth
 + Level 25.6 Shields
 + Level 2.1 Invocations
 + Level 1.1 Evocations


You had 20 spell levels left.
You didn't know any spells.
Your spell library contained the following spells:

 Spells                   Type           Power      Damage    Failure   Level
 Apportation              Tloc           0%         N/A       99%         1
 Beastly Appendage        Tmut           0%         N/A       99%         1
 Freeze                   Ice            0%         1d3       99%         1
 Necrotise                Necr           0%         1d4       99%         1
 Sandblast                Erth           0%         2d4       99%         1
 Sting                    Tmut/Pois      0%         1d3       99%         1
 Blink                    Tloc           0%         N/A       100%        2
 Ensorcelled Hibernation  Hex/Ice        0%         N/A       100%        2
 Passwall                 Tmut/Erth      0%         N/A       100%        2
 Poisonous Vapours        Pois/Air       0%         N/A       100%        2
 Static Discharge         Conj/Air       0%         2-2/arc   100%        2
 Sublimation of Blood     Necr           0%         N/A       100%        2
 Wereblood                Tmut           0%         N/A       100%        2
 Frozen Ramparts          Ice            0%         1d1       100%        3
 Hailstorm                Conj/Ice       0%         3d3       100%        3
 Ignite Poison            Fire/Tmut/Pois 0%         N/A       100%        3
 Mephitic Cloud           Conj/Pois/Air  0%         N/A       100%        3
 Portal Projectile        Hex/Tloc       0%         N/A       100%        3
 Spider Form              Tmut/Pois      0%         N/A       100%        3
 Stone Arrow              Conj/Erth      0%         3d7       100%        3
 Swiftness                Air            0%         N/A       100%        3
 Vampiric Draining        Necr           0%         2d6       100%        3
 Anguish                  Hex/Necr       0%         N/A       100%        4
 Ice Form                 Ice/Tmut       0%         N/A       100%        4
 Leda's Liquefaction      Hex/Erth       0%         N/A       100%        4
 Manifold Assault         Tloc           0%         N/A       100%        4
 Olgreb's Toxic Radiance  Pois           0%         N/A       100%        4
 Petrify                  Tmut/Erth      0%         N/A       100%        4
 Sticky Flame             Conj/Fire      0%         2d3       100%        4
 Agony                    Necr           0%         N/A       100%        5
 Alistair's Intoxication  Tmut/Pois      0%         N/A       100%        5
 Blade Hands              Tmut           0%         N/A       100%        5
 Borgnjor's Vile Clutch   Necr/Erth      0%         N/A       100%        5
 Freezing Cloud           Conj/Ice/Air   0%         6-21      100%        5
 Irradiate                Conj/Tmut      0%         3d11      100%        5
 Iskenderun's Battlesphe  Conj           0%         2d6       100%        5
 Metabolic Englaciation   Hex/Ice        0%         N/A       100%        5
 Yara's Violent Unravell  Hex/Tmut       0%         3d3       100%        5
 Conjure Ball Lightning   Conj/Air       0%         3x3d6     100%        6
 Dispersal                Tloc           0%         N/A       100%        6
 Iron Shot                Conj/Erth      0%         9d1       100%        6
 Statue Form              Tmut/Erth      0%         N/A       100%        6
 Dragon Form              Tmut           0%         N/A       100%        7
 Orb of Destruction       Conj           0%         9d5       100%        7
 Storm Form               Tmut/Air       0%         N/A       100%        7
 Borgnjor's Revivificati  Necr           0%         N/A       100%        8
 Discord                  Hex            0%         N/A       100%        8
 Disjunction              Tloc           0%         N/A       100%        8
 Ignition                 Fire           0%         3d3       100%        8
 Lehudib's Crystal Spear  Conj/Erth      0%         10d2      100%        8
 Necromutation            Tmut/Necr      0%         N/A       100%        8
 Death's Door             Necr           0%         N/A       100%        9
 Summon Small Mammal      Summ           Unusable   N/A       N/A         1
 Call Canine Familiar     Summ           Unusable   N/A       N/A         3
 Summon Guardian Golem    Hex/Summ       Unusable   N/A       N/A         3
 Tukima's Dance           Hex            Unusable   N/A       N/A         3
 Animate Armour           Summ/Erth      Unusable   N/A       N/A         4
 Animate Dead             Necr           Unusable   N/A       N/A         4
 Summon Ice Beast         Ice/Summ       Unusable   N/A       N/A         4
 Summon Lightning Spire   Summ/Air       Unusable   N/A       N/A         4
 Summon Mana Viper        Hex/Summ       Unusable   N/A       N/A         5
 Death Channel            Necr           Unusable   N/A       N/A         6
 Haunt                    Necr/Summ      Unusable   N/A       N/A         7
 Monstrous Menagerie      Summ           Unusable   N/A       N/A         7
 Spellforged Servitor     Conj/Summ      Unusable   N/A       N/A         7
 Dragon's Call            Summ           Unusable   N/A       N/A         9

Dungeon Overview and Level Annotations

Branches:
Dungeon (15/15)            Temple (1/1) D:4            Lair (5/5) D:9
 Shoals (4/4) Lair:2       Spider (4/4) Lair:2        Slime (0/5) Lair:5
    Orc (2/2) D:11            Elf (3/3) Orc:2        Vaults (1/5) D:14
 Depths (0/4) D:15          IceCv (visited)         Volcano (visited)

Altars:
Ashenzari
Cheibriados
Dithmenos
Elyvilon
Fedhas
Gozag
Hepliaklqana
Kikubaaqudgha
Makhleb
Nemelex Xobeh
Okawaru
Qazlal
Ru
Sif Muna
Trog
Uskayaw
Vehumet
Wu Jian
Yredelemnul
Zin
The Shining One
Jiyva

Shops:
D:2 (   D:4 (   Orc:2 ?[?!   Elf:1 !   Elf:3 [   Shoals:3 :

Annotations:
D:8 Casa
Elf:2 6 runed translucent doors, alexxx's ghost, adept FeSu


Innate Abilities, Weirdness & Mutations

You have a pair of horns on your head.
You reflexively headbutt those who attack you in melee.
You are mostly covered in iridescent scales. (AC +4)
You are strong-willed. (Will+)


Message History

* * * LOW HITPOINT WARNING * * *
You slash the deep troll!
You headbutt the deep troll, but do no damage.
The deep troll is moderately wounded.
You block the harpy's attack. x2; The deep troll bites you!
* * * LOW HITPOINT WARNING * * *
The deep troll claws you but does no damage. x2
Strange energies crackle from the ironbound thunderhulk's apparatus.
The ironbound thunderhulk blinks!
You slash the deep troll!
The deep troll is heavily wounded.
The harpy claws you but does no damage. You block the harpy's attack.
You block the deep troll's attack. x2; The deep troll completely misses you.
You block the deep troll's attack. The deep troll completely misses you.
The deep troll barely misses you.
Unknown command.
You slice the deep troll!!
You kill the deep troll!
Okawaru accepts your kill. You block the harpy's attack. x2
Strange energies crackle from the ironbound thunderhulk's apparatus.
The ironbound thunderhulk blinks!
Unknown command.
You carve the harpy like a ham!!!
You kill the harpy!
Okawaru accepts your kill.
Electricity crackles from the ironbound thunderhulk's apparatus.
The bolt of lightning hits you!!!
* * * LOW HITPOINT WARNING * * *
Unknown command.
You feel much better.
Electricity crackles from the ironbound thunderhulk's apparatus.
The bolt of lightning hits you!!
* * * LOW HITPOINT WARNING * * *
You feel much better.
Strange energies crackle from the ironbound thunderhulk's apparatus.
The ironbound thunderhulk blinks!
Electricity crackles from the ironbound thunderhulk's apparatus.
The bolt of lightning hits you!!!
You die...

................
................
................
................
....O...........
................
.......†........
........@.......
.......[........
.......[........
#######†........
#.........
#.........
+.........
#.........
#.........


You could see an ironbound thunderhulk.

Vanquished Creatures
  Bai Suzhen (Spider:4)
  Nikola (Spider:4)
  Arachne (Spider:1)
  Jorgrun (Shoals:1)
  2 deep elf blademasters (Elf:3)
  2 deep elf master archers (Elf:3)
  Frances (D:12)
  A storm dragon (Shoals:4)
  2 emperor scorpions
  Aizul (Elf:2)
  A frost giant (IceCv)
  3 deep elf sorcerers
  Louise (Shoals:1)
  5 ghost moths
  2 deep elf elementalists (Elf:3)
  2 ironbound preservers (Vaults:1)
  A stone giant (Orc:2)
  3 deep elf demonologists (Elf:3)
  4 deep elf annihilators
  6 spark wasps
  4 deep elf death magi (Elf:3)
  10 merfolk impalers
  A fire dragon (shapeshifter) (Elf:3)
  6 merfolk javelineers
  The ghost of laros the Cleaver, a journeyman MiBe of Trog (Orc:1)
  3 entropy weavers
  2 deep elf high priests (Elf:3)
  A great orb of eyes (D:15)
  7 hydras
  8 vault guards (D:14)
  5 ogre magi
  2 ironbound frosthearts (Vaults:1)
  An alligator snapping turtle (Shoals:3)
  A death knight (D:15)
  3 merfolk avatars
  Erica (D:9)
  6 catoblepae
  A centaur warrior (Shoals:3)
  8 jorogumos
  A satyr (shapeshifter) (D:15)
  2 merfolk aquamancers (Shoals:4)
  6 boulder beetles
  A satyr (Shoals:4)
  18 dancing weapons
  15 two-headed ogres
  A deep troll shaman (Lair:5)
  17 death yaks
  An orc high priest (Orc:2)
  Sonja (Orc:2)
  10 deep elf knights
  An iron troll (Orc:1)
  6 skysharks
  9 pharaoh ants
  Amaemon (Lair:3)
  23 sea snakes
  A salamander mystic (Volcano)
  4 skeletal warriors (D:14)
  9 deep trolls
  18 orb spiders
  12 deep elf archers
  Pikel (D:7)
  2 wizards
  7 steelbarb worms
  15 harpies
  A lindwurm (Lair:5)
  24 deep elf zephyrmancers
  4 orc knights
  20 deep elf pyromancers
  A manticore (shapeshifter) (D:15)
  12 manticores
  A salamander (Volcano)
  5 orc sorcerers
  34 wolf spiders
  13 cyclopes
  9 fauns
  21 ugly things
  11 elephants
  7 moths of wrath
  4 black mambas
  An ice statue (IceCv)
  A black mamba (shapeshifter) (Elf:1)
  8 cane toads
  6 molten gargoyles
  11 merfolk sirens
  6 torpor snails
  7 water nymphs
  10 demonic crawlers
  An orange demon (Lair:3)
  A kobold demonologist (D:13)
  5 gargoyles
  A rime drake (Lair:4)
  A rime drake (shapeshifter) (D:14)
  11 komodo dragons
  An efreet (D:11)
  6 yaktaurs
  A freezing wraith (D:15)
  A tengu conjurer (D:15)
  The ghost of fedepesso the Trooper, an amateur MiBe of Trog (D:5)
  2 ice devils (Lair:5)
  26 merfolk
  18 trolls
  15 polar bears
  A hornet (D:10)
  12 meliai
  24 tarantellas
  13 blink frogs
  8 wind drakes
  Prince Ribbit (D:7)
  14 dream sheep
  7 snapping turtles
  8 slime creatures
  36 jumping spiders
  7 air elementals
  22 culicivoras
  A centaur simulacrum (D:14)
  3 vampires
  61 yaks
  A wyvern (Lair:3)
  A hog (shapeshifter) (D:13)
  9 spriggans (Lair:1)
  6 wraiths
  A fire bat (shapeshifter) (D:13)
  6 basilisks
  4 fire elementals
  23 water elementals
  A human (shapeshifter) (D:14)
  44 redbacks
  8 vampire mosquitoes
  7 wargs
  A steam dragon (D:7)
  18 water moccasins
  23 orc warriors
  2 acid dragons (D:11)
  3 black bears
  3 sky beasts (D:8)
  29 ogres
  20 wolves
  9 centaurs
  4 kobold brigands
  16 bullfrogs
  2 scorpions
  4 gnoll sergeants
  2 earth elementals
  11 killer bees
  6 electric eels
  A howler monkey (D:5)
  5 lava snakes (Lair:3)
  A hound (D:5)
  18 orc priests
  2 jellies
  A gnoll bouda (D:4)
  3 iguanas
  Terence (D:2)
  2 sleepcaps (D:6)
  20 orc wizards
  6 hell rats (Lair:5)
  19 gnolls
  A river rat (D:10)
  4 adders
  A shadow imp (D:6)
  2 ufetubi
  3 worms
  3 dart slugs
  67 orcs
  3 endoplasms
  4 giant cockroaches
  5 goblins
  6 hobgoblins
  2 jackals (D:2)
  4 quokkas
  6 ball pythons
  7 bats
  8 frilled lizards
  11 kobolds
  7 rats
  A spectral orc (D:10)
  A butterfly (Lair:5)
1309 creatures vanquished.

Vanquished Creatures (others)
  A deep elf knight (Elf:1)
  2 manticores
  A fire elemental (Elf:2)
  2 orc wizards
  An orc (D:7)
7 creatures vanquished.

Grand Total: 1316 creatures vanquished

Notes
Turn   | Place    | Note
-------+----------+-------------------------------------------
     0 | D:1      | Peloso the Minotaur Fighter began the quest for the Orb.
     0 | D:1      | Reached XP level 1. HP: 19/19 MP: 0/0
   130 | D:1      | Reached skill level 4 in Shields
   130 | D:1      | Reached XP level 2. HP: 27/27 MP: 1/1
   633 | D:1      | Gained mutation: You occasionally lose the ability to read
                  | scrolls when taking damage. [potion of mutation]
   633 | D:1      | Gained mutation: You are agile. (Dex +4, Str/Int -1)
                  | [potion of mutation]
   634 | D:1      | Lost mutation: You are agile. (Dex +4, Str/Int -1) [potion
                  | of mutation]
   634 | D:1      | Lost mutation: You occasionally lose the ability to read
                  | scrolls when taking damage. [potion of mutation]
   634 | D:1      | Gained mutation: You have hidden genetic potential. [potion
                  | of mutation]
   634 | D:1      | Gained mutation: You are partially covered in iridescent
                  | scales. (AC +2) [potion of mutation]
   685 | D:2      | Reached XP level 3. HP: 30/33 MP: 2/2
   785 | D:2      | Found Zujat's Weapon Shoppe.
   913 | D:2      | Gained mutation: You are mostly covered in iridescent
                  | scales. (AC +4) [hidden potential]
   933 | D:2      | Noticed Terence
   947 | D:2      | Killed Terence
   948 | D:2      | Reached XP level 4. HP: 21/34 MP: 3/3
  1580 | D:3      | Found a glowing golden altar of the Shining One.
  1679 | D:3      | Gained mutation: You are strong-willed. (Will+) [hidden
                  | potential]
  1679 | D:3      | Lost mutation: You have hidden genetic potential. [hidden
                  | potential expressed]
  1964 | D:4      | Found a staircase to the Ecumenical Temple.
  1967 | D:4      | Found a stormy altar of Qazlal.
  1975 | D:4      | Reached skill level 5 in Shields
  1991 | Temple   | Entered the Ecumenical Temple
  2251 | D:4      | Reached XP level 5. HP: 47/47 MP: 4/4
  2310 | D:4      | Found Musoseet's Weapon Shop.
  2353 | D:4      | Found an iron altar of Okawaru.
  2374 | D:4      | Became a worshipper of Warmaster Okawaru
  2422 | D:4      | Found a broken altar of Ashenzari.
  2571 | D:4      | Found an ornate altar of the Wu Jian Council.
  2733 | D:5      | Entered Level 5 of the Dungeon
  2797 | D:5      | Found a hide-covered altar of Uskayaw.
  2826 | D:5      | Noticed a black bear
  2833 | D:5      | Killed a black bear
  2834 | D:5      | Reached skill level 5 in Long Blades
  2834 | D:5      | Reached skill level 1 in Dodging
  2834 | D:5      | Reached XP level 6. HP: 52/53 MP: 5/5
  2887 | D:5      | Reached skill level 5 in Armour
  3053 | D:5      | Reached * piety under Okawaru
  3054 | D:5      | Reached XP level 7. HP: 58/60 MP: 6/6
  3171 | D:5      | Found a transporter.
  3174 | D:5      | Found a transporter.
  3284 | D:5      | Noticed fedepesso's ghost (amateur MiBe)
  3727 | D:6      | Reached skill level 5 in Fighting
  4115 | D:6      | Found a sacrificial altar of Ru.
  4277 | D:6      | Found a faded altar of an unknown god.
  4277 | D:6      | Found the Hermit's Pendant {Faith Invo=14 Evo=0 MP+5}
  4279 | D:6      | Noticed a slime creature
  4287 | D:6      | Killed a slime creature
  4288 | D:6      | Reached skill level 6 in Shields
  4288 | D:6      | Reached XP level 8. HP: 59/68 MP: 7/7
  4393 | D:7      | Reached ** piety under Okawaru
  4571 | D:7      | Found an opulent altar of Gozag.
  4772 | D:7      | Noticed Prince Ribbit
  4779 | D:7      | Killed Prince Ribbit
  4989 | D:7      | Noticed Pikel
  4997 | D:7      | Killed Pikel
  4998 | D:7      | Reached skill level 10 in Long Blades
  4998 | D:7      | Reached XP level 9. HP: 75/78 MP: 8/8
  5651 | D:8      | Reached *** piety under Okawaru
  5855 | D:8      | Reached skill level 1 in Stealth
  5935 | D:8      | Reached skill level 7 in Shields
  6038 | D:8      | Noticed a troll
  6045 | D:8      | Killed a troll
  6117 | D:8      | Found a snail-covered altar of Cheibriados.
  6161 | D:8      | Found a shadowy altar of Dithmenos.
  6327 | D:8      | Found a sparkling altar of Nemelex Xobeh.
  6371 | D:9      | Found a staircase to the Lair.
  6377 | D:9      | Noticed Erica
  6385 | D:9      | Killed Erica
  6385 | D:9      | Reached **** piety under Okawaru
  6386 | D:9      | Reached XP level 10. HP: 81/86 MP: 6/9
  6592 | D:9      | Reached skill level 8 in Shields
  6702 | D:9      | Noticed a two-headed ogre
  6706 | D:9      | Killed a two-headed ogre
  6706 | D:9      | Reached ***** piety under Okawaru
  7012 | D:9      | Reached skill level 9 in Shields
  7136 | D:9      | Found an ancient bone altar of Kikubaaqudgha.
  7303 | D:10     | Entered Level 10 of the Dungeon
  7550 | D:10     | Received a gift from Okawaru
  7561 | D:10     | Reached skill level 10 in Armour
  7909 | D:10     | Reached XP level 11. HP: 97/97 MP: 10/10
  8173 | D:10     | Found a basalt altar of Yredelemnul.
  8364 | D:10     | Received a gift from Okawaru
  8773 | D:11     | Reached skill level 10 in Shields
  8866 | D:11     | Found a staircase to the Orcish Mines.
  8903 | D:11     | Reached ****** piety under Okawaru
  9034 | D:11     | Noticed a two-headed ogre
  9322 | D:11     | Killed a two-headed ogre
  9323 | D:11     | Reached skill level 10 in Fighting
  9408 | D:11     | Noticed a two-headed ogre
  9411 | D:11     | Killed a two-headed ogre
  9411 | D:11     | Received a gift from Okawaru
  9529 | D:11     | Identified a scroll of acquirement
  9698 | Lair:1   | Entered Level 1 of the Lair of Beasts
  9701 | Lair:1   | Noticed a catoblepas
  9851 | D:9      | Killed a catoblepas
  9858 | D:9      | Reached skill level 11 in Shields
 10005 | Lair:1   | Reached XP level 12. HP: 83/107 MP: 11/11
 10315 | Lair:1   | Identified the +5 demon blade "Jan Yhyu" {flame, rF+ rCorr
                  | Int+5} (Okawaru gifted it to you on level 1 of the Lair of
                  | Beasts)
 10315 | Lair:1   | Received a gift from Okawaru
 10518 | Lair:1   | Reached skill level 12 in Shields
 10576 | Lair:1   | Identified the +3 leather armour of the Pink Corner {rN++
                  | Stlth-}
 10670 | Lair:1   | Noticed a catoblepas
 10681 | Lair:1   | Killed a catoblepas
 11133 | Lair:2   | Found a hole to the Spider Nest.
 11182 | Lair:2   | Found a shadowy altar of Dithmenos.
 11330 | Lair:2   | Identified the +0 pair of boots of Okawaru's Supremacy
                  | {Str+3} (Okawaru gifted it to you on level 2 of the Lair of
                  | Beasts)
 11330 | Lair:2   | Received a gift from Okawaru
 11332 | Lair:2   | Found a staircase to the Shoals.
 11531 | Lair:2   | Reached skill level 15 in Long Blades
 11618 | Lair:2   | Reached skill level 13 in Shields
 11709 | Lair:2   | Noticed a catoblepas
 11722 | Lair:2   | Killed a catoblepas
 11723 | Lair:2   | Reached XP level 13. HP: 108/118 MP: 12/12
 12254 | Lair:3   | Found a dark tunnel.
 12422 | Volcano  | Entered a volcano
 12719 | Volcano  | Noticed an orb of fire
 12784 | Volcano  | Noticed an orb of fire
 12847 | Volcano  | Identified the +0 cloak "Utixual" {rC+} (Okawaru gifted it
                  | to you in a volcano)
 12847 | Volcano  | Received a gift from Okawaru
 13189 | Lair:3   | Noticed Amaemon
 13197 | Lair:3   | Killed Amaemon
 14225 | Orc:1    | Entered Level 1 of the Orcish Mines
 14651 | Orc:2    | Entered Level 2 of the Orcish Mines
 14977 | Orc:1    | Reached skill level 14 in Shields
 15507 | Orc:2    | Noticed a stone giant
 15927 | Orc:2    | Reached skill level 1 in Invocations
 15931 | Orc:2    | Received a gift from Okawaru
 15932 | Orc:2    | Found the +7 Kryia's mail coat {PotionHeal*2 rC+}
 16087 | Orc:2    | Killed a stone giant
 16150 | Orc:2    | Reached XP level 14. HP: 109/130 MP: 13/13
 16150 | Orc:2    | Found Reppi's Magic Scroll Shoppe.
 16156 | Orc:2    | Reached skill level 15 in Shields
 16185 | Orc:2    | Found Fuir's Antique Armour Shop.
 16205 | Orc:2    | Bought a scroll of magic mapping for 135 gold pieces
 16205 | Orc:2    | Bought a scroll of vulnerability for 72 gold pieces
 16211 | Orc:2    | Found Ukhluato's Magic Scroll Emporium.
 16212 | Orc:2    | Found Riorghura's Distillery.
 16269 | Orc:2    | Bought a scroll of acquirement for 884 gold pieces
 16269 | Orc:2    | Bought a scroll of magic mapping for 127 gold pieces
 16269 | Orc:2    | Bought a scroll of enchant weapon for 127 gold pieces
 16436 | Orc:2    | Noticed Sonja
 16449 | Orc:2    | Killed Sonja
 16511 | Orc:2    | Found a staircase to the Elven Halls.
 16868 | Orc:2    | Bought a scroll of brand weapon for 161 gold pieces
 17282 | Orc:1    | Found a transporter.
 17284 | Orc:1    | Found a transporter.
 17284 | Orc:1    | Noticed laros's ghost (journeyman MiBe)
 17458 | Orc:1    | Killed laros's ghost
 17910 | D:5      | Killed fedepesso's ghost
 18185 | D:12     | Noticed Frances
 18193 | D:12     | Killed Frances
 18235 | D:12     | Identified the +1 leather armour of Reuwkol {Contam Rampage
                  | rN++ Regen+}
 18914 | Lair:4   | Identified the +6 spear of Mozxasug {drain, MP+9 Str+8
                  | Dex+4 Stlth-} (Okawaru gifted it to you on level 4 of the
                  | Lair of Beasts)
 18914 | Lair:4   | Received a gift from Okawaru
 19050 | Lair:4   | Reached skill level 16 in Shields
 19130 | Lair:4   | Reached skill level 15 in Fighting
 19776 | Lair:4   | Got the Octavo of the Retinue and Ensorcelling
 20193 | Lair:5   | Entered Level 5 of the Lair of Beasts
 20210 | Lair:5   | Reached skill level 15 in Armour
 20278 | Lair:5   | Found a frozen archway.
 20315 | IceCv    | Entered an ice cave
 20325 | IceCv    | Received a gift from Okawaru
 20417 | IceCv    | Identified the ring of Cacuruyg {Ice Stlth+}
 20452 | IceCv    | Reached XP level 15. HP: 141/141 MP: 14/14
 20719 | IceCv    | Noticed a frost giant
 20748 | IceCv    | Killed a frost giant
 20771 | IceCv    | Identified the -2 hat "Homimuv" {rElec rC- Regen+ Str+5}
                  | (Okawaru gifted it to you in an ice cave)
 20771 | IceCv    | Received a gift from Okawaru
 20837 | IceCv    | Acquired 1147 gold pieces
 22155 | Lair:5   | Reached skill level 17 in Shields
 22161 | Lair:5   | Reached skill level 5 in Dodging
 22275 | Lair:5   | Found a viscous altar of Jiyva.
 22275 | Lair:5   | Found a staircase to the Slime Pits.
 22755 | D:13     | Got Duguth Pikha's Atlas of Transmuted Frostbite
 23750 | D:15     | Entered Level 15 of the Dungeon
 23985 | D:15     | Identified the +1 ring mail of Gamoy {rPois rC+ Dex+3
                  | Stlth-} (Okawaru gifted it to you on level 15 of the
                  | Dungeon)
 23985 | D:15     | Received a gift from Okawaru
 24223 | D:15     | Reached XP level 16. HP: 118/155 MP: 15/15
 24447 | D:15     | Found a staircase to the Depths.
 24641 | D:15     | Reached skill level 18 in Shields
 25122 | D:14     | Found a gate to the Vaults.
 25174 | D:14     | Identified the +11 plate armour "Siachyo" {Will+} (Okawaru
                  | gifted it to you on level 14 of the Dungeon)
 25174 | D:14     | Received a gift from Okawaru
 25744 | Elf:1    | Entered Level 1 of the Elven Halls
 25773 | Elf:1    | HP: 7/156 [poisoned by a +3 mace of venom]
 26433 | Elf:1    | Found Bavaetwi's Distillery.
 26442 | Elf:1    | Bought a potion of mutation for 112 gold pieces
 26442 | Elf:1    | Bought a potion of berserk rage for 70 gold pieces
 27013 | Elf:1    | Got Sif Muna's Directory of Trauma and the Escort
 27118 | Elf:1    | Received a gift from Okawaru
 27119 | Elf:1    | Reached skill level 19 in Shields
 27399 | Elf:1    | Reached XP level 17. HP: 165/165 MP: 16/16
 27772 | Spider:1 | Entered Level 1 of the Spider Nest
 28233 | Spider:2 | Noticed Arachne
 28255 | Spider:1 | Killed Arachne
 28842 | Spider:2 | Reached skill level 20 in Shields
 28952 | Spider:2 | HP: 8/166 [demonic crawler (14)]
 29130 | Spider:2 | Received a gift from Okawaru
 29689 | Shoals:1 | Entered Level 1 of the Shoals
 30707 | Shoals:1 | Noticed Louise
 30719 | Shoals:1 | Killed Louise
 30719 | Shoals:1 | Identified the +0 pair of gloves of the Dice {rF++}
                  | (Okawaru gifted it to you on level 1 of the Shoals)
 30719 | Shoals:1 | Received a gift from Okawaru
 30728 | Shoals:1 | Noticed Jorgrun
 30741 | Shoals:1 | Killed Jorgrun
 30925 | Shoals:1 | Reached skill level 21 in Shields
 32401 | Shoals:2 | Reached XP level 18. HP: 113/176 MP: 17/17
 32875 | Shoals:3 | Found Womucoute's Self-Improvement Boutique.
 33402 | Shoals:3 | Reached skill level 22 in Shields
 33672 | Shoals:3 | Received a gift from Okawaru
 34195 | Shoals:4 | Entered Level 4 of the Shoals
 35492 | Spider:3 | Received a gift from Okawaru
 36184 | Elf:2    | Noticed Aizul
 36185 | Elf:2    | Found a runed translucent gate.
 36186 | Elf:2    | Found a runed translucent gate.
 36195 | Elf:2    | Killed Aizul
 36196 | Elf:2    | Found a runed translucent gate.
 36197 | Elf:2    | Noticed alexxx's ghost (adept FeSu)
 36583 | Elf:2    | Paralysed by an air elemental for 1 turns
 37115 | Elf:2    | Found a runed translucent gate.
 37115 | Elf:2    | Found a runed translucent gate.
 37115 | Elf:2    | Found a runed translucent gate.
 37189 | Elf:3    | Entered Level 3 of the Elven Halls
 37212 | Elf:2    | Reached skill level 23 in Shields
 37656 | Elf:3    | Found Lifigo's Armour Boutique.
 37770 | Elf:3    | Identified the ring "Wibeimn" {rPois Will+++}
 37808 | Elf:3    | Identified the +5 falchion of the Forging Pill Bug {freeze,
                  | Int+4 Stlth+} (Okawaru gifted it to you on level 3 of the
                  | Elven Halls)
 37808 | Elf:3    | Received a gift from Okawaru
 37860 | Elf:3    | Noticed an Ice Fiend
 38280 | Elf:3    | Reached XP level 19. HP: 58/177 MP: 18/18
 39268 | Elf:3    | Identified the +3 troll leather armour "Rumurch" {rPois
                  | Regen+ Dex+2}
 39328 | Elf:3    | Identified the ring "Fifel" {rC+ rN+}
 39331 | Elf:3    | Got the Directory of the Nasty Cemetery
 39354 | Elf:3    | Got Utodwit's Directory of Ill-fated Vicissitude
 39365 | Elf:3    | Identified the staff of poison "Sudulile" {rPois rF+}
 39447 | Elf:3    | Got the Catalogue of the Seven Towns
 39961 | Spider:4 | Entered Level 4 of the Spider Nest
 39990 | Spider:4 | Identified the +3 falchion of Woosoraw {drain, rF+ Int-5
                  | Dex+3} (Okawaru gifted it to you on level 4 of the Spider
                  | Nest)
 39990 | Spider:4 | Received a gift from Okawaru
 40000 | Spider:4 | Noticed Nikola
 40011 | Spider:4 | Reached skill level 24 in Shields
 40015 | Spider:4 | Killed Nikola
 40584 | Spider:4 | Identified the +7 long sword "Cefud" {heavy, rPois}
 40603 | Spider:4 | Received a gift from Okawaru
 40621 | Spider:4 | HP: 8/184 [something (8)]
 41606 | Spider:4 | Noticed Bai Suzhen
 41624 | Spider:4 | Killed Bai Suzhen
 42297 | Spider:4 | Got a gossamer rune of Zot
 42379 | Spider:4 | Reached XP level 20. HP: 195/195 MP: 18/20
 43008 | Shoals:4 | Paralysed by an air elemental for 1 turns
 43012 | Shoals:4 | Paralysed by an air elemental for 1 turns
 43018 | Shoals:4 | Paralysed by an air elemental for 1 turns
 43020 | Shoals:4 | Paralysed by an air elemental for 1 turns
 43026 | Shoals:4 | Paralysed by an air elemental for 1 turns
 43034 | Shoals:4 | Received a gift from Okawaru
 43276 | Shoals:4 | Paralysed by an air elemental for 1 turns
 43279 | Shoals:4 | Paralysed by an air elemental for 1 turns
 43300 | Shoals:4 | Paralysed by an air elemental for 1 turns
 43482 | Shoals:4 | Reached skill level 25 in Shields
 44156 | Shoals:4 | Reached skill level 1 in Evocations
 44538 | Shoals:4 | Paralysed by an air elemental for 1 turns
 44540 | Shoals:4 | Paralysed by an air elemental for 1 turns
 44546 | Shoals:4 | Paralysed by an air elemental for 1 turns
 44548 | Shoals:4 | Paralysed by an air elemental for 1 turns
 44552 | Shoals:4 | Paralysed by an air elemental for 1 turns
 44889 | Shoals:4 | Got a barnacled rune of Zot
 45032 | Shoals:4 | Paralysed by an air elemental for 1 turns
 45067 | Shoals:4 | Identified the +0 plate armour of Tender Moments {Dex+4}
                  | (Okawaru gifted it to you on level 4 of the Shoals)
 45067 | Shoals:4 | Received a gift from Okawaru
 45593 | Vaults:1 | Entered Level 1 of the Vaults
 45631 | Vaults:1 | Reached XP level 21. HP: 201/204 MP: 21/21
 45816 | Vaults:1 | HP: 9/204 [ironbound thunderhulk/bolt of lightning (36)]
 45824 | Vaults:1 | Killed from afar by an ironbound thunderhulk

Illustrated notes

Levels and vault maps discovered:
D:1:      grunt_arrival_crossed_arrows, layout_loops_cross
D:2:      layout_loops_ring, serial_shops, shop, eino_tiny_chamber, uniq_terence
D:3:      layout_rooms, mainiacjoe_overflow_alcove_1
D:4:      layout_basic, nzn_wu_jian_council_hall,
          mainiacjoe_overflow_small_starburst, okawaru_metal_pillars_3,
          nicolae_overflow_crystal_walls, minmay_temple_entry_stoned_glass,
          serial_shops, nicolae_shop_crystal
D:5:      layout_basic, lemuel_round_altar, gammafunk_ghost_hive
D:6:      layout_loops_ring, mainiacjoe_overflow_brackets,
          hellmonk_guarded_unrand_hermit
D:7:      layout_basic, nicolae_overflow_hidden_temple,
          mainiacjoe_overflow_catwalk, serial_rivers,
          chequers_serial_rivers_small_3, chequers_serial_rivers_small_3,
          chequers_serial_rivers_small_b, chequers_serial_rivers_micro_c,
          chequers_serial_rivers_large_a, chequers_serial_rivers_micro_a,
          dreamdust_princess_corridor, uniq_prince_ribbit1, uniq_pikel
D:8:      layout_cave_pools, slow_altar_1, nemelex_diamond_rough_becter,
          kennysheep_mini, minivault_23
D:9:      layout_loops_ring, general_overflow_altar, minmay_increasing_density,
          uniq_erica
D:10:     layout_basic, yredelemnul_forgotten_temple_becter
D:11:     layout_gridville, kennysheep_orc_monster_closet_entryway,
          grunt_decor_resistance, chequers_big_river, minivault_20, pond
D:12:     layout_roguey, uniq_frances
D:13:     layout_roguey, serial_rivers, chequers_serial_rivers_large_b,
          chequers_serial_rivers_marsh, chequers_serial_rivers_small_3,
          chequers_serial_rivers_small_b
D:14:     layout_roguey, erik_vaults_2
D:15:     gammafunk_enter_depths_forms, layout_loops_ring, serial_bayou_pond_c,
          minmay_mirror_moons_of_madness
Temple:   nicolae_temple_bog_church
Lair:1:   kb_forest_paths, layout_long_grid, infiniplex_staircase_pool
Lair:2:   layout_regular_city, minmay_shoals_entry_centaurs,
          spider_nest_entry_web_field, basic_altar
Lair:3:   cheibrodos_magma_flow, layout_long_grid,
          nicolae_volcano_entry_lava_flow, uniq_amaemon
Lair:4:   wad_woods_structure_01, layout_regular_city
Lair:5:   grunt_lair_end_beastmaster, layout_regular_city,
          dpeg_slime_entry_enclosed, portal_ice_cave_demonic_guard,
          serial_bayou_shore_b, lemuel_fruit_fields, lemuel_fruit_fields,
          serial_bayou_shore_a, serial_bayou_shore_b, lemuel_fruit_tree
Shoals:1: layout_shoals, uniq_jorgrun, uniq_louise
Shoals:2: nzn_motion_control, layout_shoals
Shoals:3: layout_shoals, nicolae_shop_self_help
Shoals:4: shoals_end_hellmonk_storm_palace [storm_palace_center_square,
          storm_palace_corner_pillars, storm_palace_corner_narrow,
          storm_palace_corner_blocked, storm_palace_corner_reverse_hut]
Spider:1: layout_spider_delve
Spider:2: nicolae_spider_jumping_over_cracks
          [nicolae_spider_jumping_sub_shuffled,
          nicolae_spider_jumping_sub_lanes, nicolae_spider_jumping_sub_lanes,
          nicolae_spider_jumping_sub_no_exit], nicolae_spider_orb_run,
          uniq_arachne
Spider:3: layout_spider_delve, guppyfry_spider_mini_1
Spider:4: johnstein_spider_rune_arachne_lair, uniq_bai_suzhen, uniq_nikola
Orc:1:    layout_diamond_mine, gammafunk_ghost_arena
Orc:2:    st_orc_open, layout_caves, uniq_sonja
Elf:1:    eino_elf_arrival_sip, layout_loops_cross, serial_shops, shop,
          minmay_elf_sorcery
Elf:2:    nicolae_elf_blades_splatter_lattice [mumra_blade_entry_bloodbath],
          layout_geoelf_octagon, ebering_ghost_rock_garden, uniq_aizul
Elf:3:    elf_hall_gauntlet_wide, layout_loops_ring, serial_shops,
          nicolae_shop_stone
Vaults:1: v_misc_11, nicolae_vaults_quartermaster, v_rooms_6,
          nicolae_vaults_little_squares_5, grunt_vaults_funnel,
          nicolae_vaults_storage_closets_1, nicolae_vaults_variable_pillar_hall,
          layout_vaults_chaotic_city

Skill      XL: |  1  2  3  4  5  6  7  8  9 10 11 12 13 14 15 16 17 18 19 20 21 |
---------------+----------------------------------------------------------------+-----
Shields        | 4 5 6 7 9 11 13 14 16 17 19 21 23 24 25 | 25.6
Armour         | 4 5 6 7 8 10 11 13 14 15 17 18 19 | 19.0
Long Blades    | 3 5 6 7 10 11 12 14 15 16 17 18 19 20 21 | 21.3
Fighting       | 4 5 6 7 9 10 12 13 15 17 18 19 20 21 | 21.3
Dodging        | 1 2 3 4 5 6 |  6.7
Stealth        | 1 2 3 |  3.2
Invocations    | 1 2 |  2.1
Evocations     | 1 |  1.1

Action                     |  1- 3 |  4- 6 |  7- 9 | 10-12 | 13-15 | 16-18 | 19-21 || total
---------------------------+-------+-------+-------+-------+-------+-------+-------++-------
  Melee: Long sword        |    92 |    78 |   143 |   344 |    50 |       |       ||   707
         Headbutt          |    15 |     9 |    22 |   122 |   385 |   385 |   141 ||  1079
         Demon blade       |       |       |       |   180 |  1239 |   682 |       ||  2101
         Double sword      |       |       |       |       |       |   712 |   549 ||  1261
 Invoke: Heroism           |       |       |     1 |       |     5 |       |     1 ||     7
  Evoke: Wand              |       |       |       |     2 |       |       |     6 ||     8
    Use: Potion            |     4 |       |       |       |     6 |    10 |     6 ||    26
         Scroll            |     1 |     2 |     6 |     3 |     6 |     8 |     4 ||    30
   Stab: Petrified         |       |       |       |     1 |       |       |       ||     1
 Armour: Scale mail        |    37 |       |       |       |   120 |       |       ||   157
         Chain mail        |     9 |    44 |    33 |       |       |       |       ||    86
         Plate armour      |       |       |    14 |   196 |   450 |   779 |   656 ||  2095
  Dodge: Dodged            |    70 |    78 |    56 |   200 |   378 |   489 |   241 ||  1512
  Block: Buckler           |    23 |    27 |       |       |       |       |       ||    50
         Kite shield       |       |     1 |    72 |   320 |   735 |   253 |       ||  1381
         Tower shield      |       |       |       |       |       |  1779 |  1124 ||  2903
         Reflection        |       |       |       |       |       |    58 |    45 ||   103
